 Dungeon Crawl Stone Soup version 0.28.0-43-g3370ac3207 (webtiles) character file.

Game seed: 16808311656709567968

352 safid the Chopper (level 6, -1/52 HPs)
             Began as a Hill Orc Fighter on Mar 11, 2022.
             Was an Initiate of Beogh.
             Slain by an ogre
             ... wielding a +0 giant club
              (15 damage)
             ... on level 5 of the Dungeon.
             The game lasted 00:04:56 (4735 turns).

safid the Chopper (Hill Orc Fighter)                Turns: 4735, Time: 00:04:57

Health: -1/52      AC: 11    Str: 21    XL:     6   Next: 61%
Magic:  6/6        EV:  5    Int:  8    God:    Beogh [......]
Gold:   124        SH:  4    Dex: 10    Spells: 5/5 levels left

rFire   . . .      SeeInvis .   a - +0 war axe
rCold   . . .      Faith    .   c - +0 buckler
rNeg    . . .      Spirit   .   r - +0 plate armour
rPois   .          Reflect  .   (no helmet)
rElec   .          Harm     .   (no cloak)
rCorr   .          Rampage  .   (no gloves)
Will    .....                   (no boots)
Stlth   ..........              k - amulet of magic regeneration
HPRegen 0.17/turn               (no ring)
MPRegen 0.50/turn               (no ring)

@: no status effects
A: no striking features
a: Renounce Religion


You were on level 5 of the Dungeon.
You worshipped Beogh.
Beogh was noncommittal.
You visited 1 branch of the dungeon, and saw 5 of its levels.

You collected 124 gold pieces.

Inventory:

Hand Weapons
 a - a +0 war axe (weapon)
Missiles
 i - a throwing net (quivered)
Armour
 c - a +0 buckler (worn)
 r - a +0 plate armour (worn)
Jewellery
 k - an amulet of magic regeneration (around neck)
Scrolls
 d - a scroll of noise {unknown}
 f - 2 scrolls of fog {unknown}
 g - 2 scrolls of identify {unknown}
 h - 2 scrolls of teleportation {unknown}
 j - 2 scrolls of fear {unknown}
 l - a scroll of enchant armour {unknown}
 p - a scroll of magic mapping {unknown}
 q - a scroll of immolation {unknown}
Potions
 e - a potion of attraction {unknown}
 m - a potion of haste {unknown}
 n - a potion of degeneration {unknown}
 o - 3 potions of curing {unknown}


   Skills:
 - Level 4.0 Fighting
 + Level 7.9 Axes
 - Level 4.0 Armour
 - Level 4.0 Shields


You had 5 spell levels left.
You didn't know any spells.
Your spell library contained the following spells:

 Spells                   Type           Power      Damage    Failure   Level
 Animate Skeleton         Necr           0%         N/A       100%        1
 Apportation              Tloc           0%         N/A       100%        1
 Summon Small Mammal      Summ           0%         N/A       100%        1


Dungeon Overview and Level Annotations

Branches:
Dungeon (5/15)
 Temple: D:4-7

Altars:
Vehumet

Annotations:
D:5 1 transporter


Message History

You slash the quokka!
You kill the quokka!
Beogh accepts your kill.
You see here a +0 whip.
Done exploring.
Done exploring.
(D) Dungeon
Where to? (Enter - D:4 @ (x,y), ? - help)
There is a stone staircase leading down here.
You climb downwards.
Found 35 gold pieces and a coral ring.
Found a transporter.
There is a stone staircase leading up here.
A water moccasin skeleton is nearby!
An ogre comes into view. It is wielding a +0 giant club.
The ogre shouts!
You hear a shout!
The ogre moves out of view.
You barely miss the water moccasin skeleton.
The water moccasin skeleton bites you but does no damage.
A centaur comes into view.
The water moccasin skeleton bites you but does no damage.
You slash the water moccasin skeleton!
The water moccasin skeleton is heavily damaged.
The centaur wields a +0 shortbow.
The centaur shoots an arrow.
The arrow hits you. The water moccasin skeleton bites you.
You hit the water moccasin skeleton.
The water moccasin skeleton is heavily damaged.
The water moccasin skeleton bites you but does no damage.
You hit the ogre but do no damage. You slash the water moccasin skeleton!
The water moccasin skeleton bites you.
The ogre hits you with a +0 giant club!!
Ouch! That really hurt!
* * * LOW HITPOINT WARNING * * *
The water moccasin skeleton bites you but does no damage.
Unknown command.
You hit the ogre.
The ogre is lightly wounded.
You hit the water moccasin skeleton.
A shadow imp comes into view.
The ogre hits you with a +0 giant club!
You die...

5....# . .....
..####.... ...
#........ ...
#........ ....
###....c## .....
#......O.###.....
#...Z@..#......
#..............
.........<...####
.............#8≈#
##...........#P.#
.............#$.#
.....$......©#©=+
#............#$.#
............#P.#


You could see an ogre, a centaur, a shadow imp (wandering) and a water moccasin
skeleton.

Vanquished Creatures
  A black bear (D:4)
  Blork the orc (D:4)
  A hound (D:4)
  Jessica (D:2)
  Terence (D:3)
  3 adders
  An ufetubus (D:4)
  An adder skeleton (D:4)
  A dart slug (D:1)
  4 orcs (D:3)
  3 bats
  8 endoplasms
  6 giant cockroaches
  6 goblins
  4 hobgoblins
  3 jackals (D:1)
  3 quokkas
  14 ball pythons
  4 frilled lizards
  4 kobolds
  6 rats
76 creatures vanquished.

Notes
Turn   | Place    | Note
-------+----------+-------------------------------------------
     0 | D:1      | safid the Hill Orc Fighter began the quest for the Orb.
     0 | D:1      | Reached XP level 1. HP: 19/19 MP: 1/1
    84 | D:1      | Reached XP level 2. HP: 23/27 MP: 2/2
    87 | D:1      | Reached skill level 3 in Axes
   510 | D:1      | Reached XP level 3. HP: 33/33 MP: 3/3
   801 | D:1      | You fall into a shaft and drop 1 floor!
  1842 | D:2      | Found a faded altar of an unknown god.
  2438 | D:2      | Noticed Jessica
  2446 | D:2      | Killed Jessica
  2447 | D:2      | Reached skill level 4 in Axes
  2447 | D:2      | Reached XP level 4. HP: 35/40 MP: 4/4
  2950 | D:3      | Found a radiant altar of Vehumet.
  2962 | D:3      | Noticed Terence
  2975 | D:3      | Killed Terence
  2976 | D:3      | Reached skill level 5 in Axes
  2976 | D:3      | Reached XP level 5. HP: 19/46 MP: 5/5
  3255 | D:3      | Became a worshipper of Beogh the Brigand
  3630 | D:4      | Noticed a black bear
  3643 | D:4      | Killed a black bear
  3644 | D:4      | Reached skill level 6 in Axes
  3726 | D:4      | Reached XP level 6. HP: 52/52 MP: 6/6
  3812 | D:4      | Reached skill level 7 in Axes
  4296 | D:4      | Noticed Blork the orc
  4309 | D:4      | Killed Blork the orc
  4728 | D:5      | Entered Level 5 of the Dungeon
  4728 | D:5      | Found a transporter.
  4735 | D:5      | Slain by an ogre

Illustrated notes

Levels and vault maps discovered:
D:1:      evilmike_arrival_crescent, layout_basic
D:2:      layout_basic, basic_ecumenical_altar, minmay_misc_feat_nine_boxes,
          uniq_jessica
D:3:      layout_basic, nicolae_vehumet_radiance, uniq_terence
D:4:      layout_cave_pods, st_stairs_13, uniq_blork_the_orc
D:5:      gammafunk_wand_slinger, layout_cave_pools,
          nicolae_hepliaklqana_hippocampus

Skill      XL: |  1  2  3  4  5  6 |
---------------+-------------------+-----
Axes           | 3 4 5 6 7 |  7.9
Fighting       | 4 |  4.0
Armour         | 4 |  4.0
Shields        | 4 |  4.0

Action                   |  1- 3 |  4- 6 || total
-------------------------+-------+-------++-------
Melee: War axe           |    95 |   127 ||   222
Invok: Convert to Beogh  |       |     1 ||     1
  Use: Potion            |       |     1 ||     1
Armor: Scale mail        |    52 |    49 ||   101
       Plate armour      |       |     7 ||     7
Dodge: Dodged            |    47 |    73 ||   120
Block: Buckler           |    24 |    27 ||    51
